 Dungeon Crawl Stone Soup version 0.26-a0-1191-ge2a0e31ab3 (webtiles) character file.

Game seed: 14740284781561617419

65 HoaS the Ruffian (level 4, -4/36 HPs)
             Began as a Ghoul Gladiator on Dec 28, 2020.
             Slain by Grinder (7 damage)
             ... while paralysed by Grinder
             ... on level 3 of the Dungeon.
             The game lasted 00:04:18 (1955 turns).

HoaS the Ruffian (Ghoul Gladiator)                  Turns: 1955, Time: 00:04:19

Health: -4/36      AC:  8    Str: 18    XL:     4   Next: 13%
Magic:  3/3        EV:  2    Int:  3    God:
Gold:   86         SH:  0    Dex: 10    Spells: 3/3 levels left

rFire    + . .     SeeInvis .     - Unarmed
rCold    + . .     Faith    .   (no shield)
rNeg     + + +     Spirit   .   l - +0 scale mail
rPois    ∞         Reflect  .   b - +1 helmet
rElec    .         Harm     .   (no cloak)
rCorr    .         Rampage  .   (no gloves)
Will     .....                  (no boots)
Stlth    ..........             (no amulet)
HPRegen  0.00/turn              f - ring of protection from fire
MPRegen  0.08/turn              (no ring)

@: paralysed
A: claws 1, cold resistance 1, negative energy resistance 3, inhibited
regeneration, torment resistance, unbreathing
a: no special abilities


You were on level 3 of the Dungeon.
You visited 1 branch of the dungeon, and saw 3 of its levels.

You collected 86 gold pieces.

Inventory:

Missiles
 c - 2 throwing nets (quivered)
Armour
 b - a +1 helmet (worn)
 l - a +0 scale mail (worn)
Jewellery
 f - a ring of protection from fire (left claw)
 i - an uncursed ring of ice
Scrolls
 j - a scroll of identify
Potions
 d - a potion of curing {unknown}
 g - 2 potions of heal wounds {unknown}
 k - a potion of mutation {unknown}


   Skills:
 - Level 2.1 Fighting
 - Level 1.7 Throwing
 - Level 2.6 Dodging
 + Level 5.3 Unarmed Combat


You had 3 spell levels left.
You didn't know any spells.
Your spell library was empty.

Dungeon Overview and Level Annotations

Branches:
Dungeon (3/15)

Altars:
Elyvilon
Wu Jian
Zin

Annotations:
D:3 Grinder


Innate Abilities, Weirdness & Mutations

You thrive by killing the living.
You are immune to poison.
You have sharp fingernails.
Your flesh is cold resistant. (rC+)
You are immune to negative energy. (rN+++)
You do not regenerate when monsters are visible.
You are immune to unholy pain and torment.
You can survive without breathing.


Message History

You closely miss Grinder. Your claw misses Grinder.
Grinder is moderately wounded.
Grinder hits you!
You scratch Grinder.
Grinder is moderately wounded.
Grinder misses you.
You barely miss Grinder.
Grinder is moderately wounded.
Grinder hits you.
You closely miss Grinder.
Grinder is moderately wounded.
Grinder gestures at you.
You suddenly lose the ability to move!
Grinder hits you!
* * * LOW HITPOINT WARNING * * *
Grinder gestures at you. You resist with significant effort.
Grinder hits you but does no damage. Grinder hits you!
You die...

## #( .. # ...###.## .#
##.#### <...(.##.#
....... #####..)...####
....... #..........?..#
.......##.#.#.#.#.#.#.#
.......<..............#
............⌠.(...⌠...##
.......#.(.†5@._........
.......##..(⌠..(..⌠...##
....... #.............#
####### #?#.#.#.#.#.#.#
#.............#
###############


You could see Grinder.

Vanquished Creatures
  A gnoll (D:1)
  4 worms (D:2)
  2 dart slugs (D:1)
  A ball python (D:2)
  4 bats
  A giant cockroach (D:1)
  5 goblins
  6 hobgoblins
  3 jackals (D:2)
  A frilled lizard (D:1)
  8 kobolds
  A rat (D:3)
37 creatures vanquished.

Notes
Turn   | Place    | Note
-------+----------+-------------------------------------------
     0 | D:1      | HoaS the Ghoul Gladiator began the quest for the Orb.
     0 | D:1      | Reached XP level 1. HP: 17/17 MP: 0/0
    49 | D:1      | Reached XP level 2. HP: 14/24 MP: 1/1
   277 | D:1      | Reached skill level 4 in Unarmed Combat
   292 | D:1      | Reached XP level 3. HP: 7/29 MP: 2/2
   980 | D:2      | Found a glowing silver altar of Zin.
   996 | D:2      | Reached skill level 5 in Unarmed Combat
  1287 | D:2      | Found an ornate altar of the Wu Jian Council.
  1670 | D:2      | Reached XP level 4. HP: 36/36 MP: 3/3
  1897 | D:3      | Found a white marble altar of Elyvilon.
  1917 | D:3      | Noticed Grinder
  1931 | D:3      | Paralysed by Grinder for 7 turns
  1951 | D:3      | Paralysed by Grinder for 6 turns
  1955 | D:3      | Slain by Grinder

Illustrated notes

Levels and vault maps discovered:
D:1:      minmay_arrival_nine_rooms, layout_rooms
D:2:      layout_basic, overflow_temple_1_default, nzn_wu_jian_council_hall
D:3:      layout_rooms, old_standard_altar, elyvilon_altar_5, uniq_grinder

Skill      XL: |  1  2  3 |
---------------+----------+-----
Unarmed Combat | 4 5 |  5.3
Fighting       | |  2.1
Throwing       | |  1.7
Dodging        | |  2.6

Action                   |  1- 3 |  4- 6 || total
-------------------------+-------+-------++-------
Melee: Unarmed           |    91 |    22 ||   113
       Punch             |     2 |       ||     2
Throw: Throwing net      |     2 |       ||     2
       Dart              |       |     6 ||     6
  Use: Scroll            |     9 |     1 ||    10
 Stab: Held in net/web   |     1 |       ||     1
Armor: Leather armour    |    22 |     1 ||    23
       Scale mail        |       |     5 ||     5
Dodge: Dodged            |    50 |    12 ||    62

Table legend: (Time is in decaauts)
 A = Elapsed time spent in this place.
 B = Non-inter-level travel time spent in this place.
 C = Inter-level travel time spent in this place.
 D = Time resting spent in this place.
 E = Time spent auto-exploring this place.
 F = Levels seen in this place.
 G = Mean time per level.
                   A        B        C        D        E       F      G
               +--------+--------+--------+--------+--------+-----+--------+
         Total |   1946 |   1846 |    100 |    975 |    598 |   3 |  648.7 |
       Dungeon |   1946 |   1846 |    100 |    975 |    598 |   3 |  648.7 |
               +--------+--------+--------+--------+--------+-----+--------+

Top non-repeatable levels by time:
     D:2: 994 daAuts
     D:1: 895 daAuts
     D:3: 56 daAuts
